 Dungeon Crawl Stone Soup version 0.28-a0-1038-g9c4cb8273d (webtiles) character file.

Game seed: 9485885505346011457

2940 tilp the Frost Mage (level 7, 32/32 HPs)
             Began as a Felid Ice Elementalist on Dec 8, 2021.
             Was a Priest of Ru.
             Quit the game on level 11 of the Dungeon.
             The game lasted 00:21:25 (15899 turns).

tilp the Frost Mage (Felid Ice Elementalist)       Turns: 15899, Time: 00:21:26

Health: 32/32      AC:  6    Str:  4    XL:     7   Next: 51%
Magic:  27/27      EV: 20    Int: 21    God:    Ru [***...]
Gold:   1296       SH:  5    Dex: 16    Spells: 9/20 levels left
                                        Lives:  0   Deaths: 2

rFire   . . .      SeeInvis +     - Unarmed
rCold   . . .      Faith    .   (shield unavailable)
rNeg    . . .      Spirit   .   (armour unavailable)
rPois   .          Reflect  +   (helmet unavailable)
rElec   .          Harm     .   (cloak unavailable)
rCorr   .          Rampage  .   (gloves unavailable)
Will    +....                   (boots unavailable)
Stlth   ++++......              p - amulet of reflection
HPRegen 0.10/turn               s - ring of magical power
MPRegen 0.20/turn               m - +4 ring of protection

@: quick
A: very small, claws 1, fangs 3, see invisible, speed 1, shaggy fur 2, hated by
all, inexperienced 1, stealthy paws, no weapons or thrown items, no armour,
multi-lived
a: Renounce Religion, Draw Out Power


You were on level 11 of the Dungeon.
You worshipped Ru.
Ru was most pleased with you.
You visited 2 branches of the dungeon, and saw 12 of its levels.

You collected 1326 gold pieces.
You spent 30 gold pieces at shops.

Inventory:

Jewellery
 b - a ring of ice
 c - a ring of positive energy
 d - a +6 ring of dexterity
 h - a ring of flight
 m - a +4 ring of protection (right paw)
 p - an amulet of reflection (around neck)
 s - a ring of magical power (left paw)
Wands
 f - a wand of flame (16)
 k - a wand of charming (1)
 o - a wand of mindburst (15)
 t - a wand of iceblast (2)
 v - a wand of digging (9)
Scrolls
 e - a scroll of magic mapping
 u - a scroll of amnesia
 w - 2 scrolls of blinking
Potions
 a - a potion of curing
 g - 2 potions of flight
 j - 3 potions of cancellation
 l - a potion of invisibility
 q - 2 potions of might
 r - a potion of lignification
 x - a potion of attraction {unknown}


   Skills:
 - Level 4.0 Fighting
 - Level 6.0 Dodging
 - Level 8.0 Stealth
 - Level 6.0 Unarmed Combat
 + Level 7.3 Spellcasting
 + Level 9.0 Conjurations
 + Level 9.0 Ice Magic


You had 9 spell levels left.
You knew the following spells:

 Your Spells              Type           Power      Damage    Failure   Level
a - Freeze                Ice            100%       1d11      1%          1
b - Frozen Ramparts       Ice            90%        1d11      1%          3
c - Ozocubu's Armour      Ice            45%        N/A       1%          3
d - Hailstorm             Conj/Ice       45%        3d10      1%          4

Your spell library contained the following spells:

 Spells                   Type           Power      Damage    Failure   Level
 Shock                    Conj/Air       100%       1d9       1%          1
 Beastly Appendage        Tmut           14%        N/A       9%          1
 Pain                     Necr           28%        1d5       9%          1
 Slow                     Hex            28%        N/A       9%          1
 Sting                    Tmut/Pois      28%        1d4       9%          1
 Wereblood                Tmut           7%         N/A       13%         2
 Ice Form                 Ice/Tmut       26%        N/A       13%         4
 Confusing Touch          Hex            7%         N/A       26%         3
 Spider Form              Tmut/Pois      7%         N/A       26%         3
 Swiftness                Air            7%         N/A       26%         3
 Vampiric Draining        Necr           7%         2d6       26%         3
 Airstrike                Air            3%         N/A       63%         4
 Leda's Liquefaction      Hex/Erth       3%         N/A       63%         4
 Ozocubu's Refrigeration  Ice            22%        4d9       87%         7
 Iron Shot                Conj/Erth      13%        9d3       90%         6
 Blade Hands              Tmut           3%         N/A       93%         5
 Borgnjor's Vile Clutch   Necr/Erth      3%         N/A       93%         5
 Summon Small Mammal      Summ           Unusable   N/A       N/A         1
 Call Canine Familiar     Summ           Unusable   N/A       N/A         3
 Portal Projectile        Hex/Tloc       Unusable   N/A       N/A         3
 Summon Guardian Golem    Hex/Summ       Unusable   N/A       N/A         3
 Animate Armour           Summ/Erth      Unusable   N/A       N/A         4
 Animate Dead             Necr           Unusable   N/A       N/A         4
 Simulacrum               Ice/Necr       Unusable   N/A       N/A         6
 Death Channel            Necr           Unusable   N/A       N/A         6

Dungeon Overview and Level Annotations

Branches:
Dungeon (11/15)            Temple (1/1) D:6            Lair (0/6) D:11
    Orc (0/2) D:11

Altars:
Ashenzari
Cheibriados
Dithmenos
Elyvilon
Fedhas
Gozag
Hepliaklqana
Kikubaaqudgha
Makhleb
Nemelex Xobeh
Okawaru
Qazlal
Ru
Sif Muna
Trog
Uskayaw
Vehumet
Wu Jian
Xom
Yredelemnul
Zin
The Shining One

Shops:
D:2 (   D:8 *

Annotations:
D:10 (nasty vault), 1 exclusion
D:11 Erolcha


Innate Abilities, Weirdness & Mutations

You have sharp claws.
You have razor-sharp teeth.
You have supernaturally acute eyesight. (SInv)
You cover ground quickly. (Speed+)
You are covered in thick fur. (AC +2)
You are hated by all.
You are somewhat inexperienced. (-2 XL)
Your paws help you pounce on unaware monsters.
You are incapable of wielding weapons or throwing items.
You cannot wear armour.
You gain extra lives every three experience levels.


Message History

You kill the troll!
Unknown command.
Unknown command.
Casting: Hailstorm (dangerous; 2% risk of failure)
Confirm with . or Enter, or press ? or * to list all spells.
Casting: Hailstorm (dangerous; 2% risk of failure)
Press: ? - help, Dir - look around, f - activate A cannonade of hail descends around you!
The hail pelts the boulder beetle!
The boulder beetle is severely wounded.
The hail pelts the centaur warrior zombie!
The centaur warrior zombie partially resists.
You destroy the centaur warrior zombie!
Your Conjurations skill increases to level 9!
Your Ice Magic skill increases to level 9!
Unknown command.
The boulder beetle hits you!!
Ouch! That really hurt!
* * * LOW HITPOINT WARNING * * *
The boulder beetle stops rolling and uncurls.
Unknown command.
Aiming: Mindburst
Press: ? - help, Shift-Dir - straight line, f - boulder beetle
Aim: a boulder beetle (severely wounded, chance to affect: 48%)
The boulder beetle resists with some effort.
The boulder beetle completely misses you.
Unknown command.
Unknown command.
Aiming: Mindburst
Press: ? - help, Shift-Dir - straight line, f/p - boulder beetle
Aim: a boulder beetle (severely wounded, chance to affect: 48%)
The boulder beetle resists with some effort.
The boulder beetle bites you!!
Ouch! That really hurt!
You die...
You are now level 7!
You rejoin the land of the living...
Unknown command.
Unknown command.
Are you sure you want to abandon this character and quit the game? (Confirm with "yes".)

#.......#.#...........#.#.......
#..####.#.#.####.####.#.#.####.#
#..#....#.#....#.#....#.#....#.#
#..#.####.####.#.#.####.####.#.#
#..#.......^...#.#...........#.#
#..#############.#############.#
#.........................(.....
#.####..#######...###..........)
#.# ##.# ##@..###........... #.#
#.######...........#...... #.#
#.................##..#..# #.#
######.............#.....# #.#
##................### #.#
##.##............####
#.##########...>................
#............##.................
##..............................


There were no monsters in sight!

Vanquished Creatures
  5 two-headed ogres
  Pikel (D:4)
  An ugly thing (D:11)
  A kobold demonologist (D:10)
  A meliai (D:11)
  2 trolls (D:11)
  Prince Ribbit (D:9)
  A hornet (D:9)
  A vampire (D:11)
  Eustachio (D:6)
  7 yaks (D:10)
  A steam dragon (D:4)
  2 acid dragons
  2 wargs (D:11)
  A water moccasin (D:8)
  An orc warrior (D:11)
  A sky beast (D:5)
  A black bear (D:4)
  2 ogres
  2 centaurs (D:10)
  A lemure (D:4)
  3 kobold brigands
  Blork the orc (D:4)
  4 bullfrogs
  2 gnoll sergeants (D:9)
  A scorpion (D:7)
  9 killer bees
  4 wights (D:9)
  An electric eel (D:8)
  5 orc priests
  A bullfrog zombie (D:7)
  6 centaur zombies
  Crazy Yiuf (D:4)
  5 jellies
  2 centaur skeletons
  Terence (D:2)
  2 orc wizards (D:8)
  A hound skeleton (D:5)
  Robin (D:3)
  13 gnolls
  2 howler monkey skeletons
  3 adders
  2 white imps
  An ufetubus (D:6)
  A worm (D:3)
  2 dart slugs (D:1)
  13 orcs
  7 endoplasms
  10 giant cockroaches
  10 goblins
  5 hobgoblins
  3 jackals (D:4)
  3 quokkas
  4 ball pythons
  7 bats
  8 frilled lizards
  26 kobolds
  3 rats
209 creatures vanquished.

Notes
Turn   | Place    | Note
-------+----------+-------------------------------------------
     0 | D:1      | tilp the Felid Ice Elementalist began the quest for the
                  | Orb.
     0 | D:1      | Reached XP level 1. HP: 7/7 MP: 4/4
   276 | D:1      | Reached XP level 2. HP: 11/11 MP: 4/6
   323 | D:1      | Found a faded altar of an unknown god.
  1639 | D:2      | Reached skill level 1 in Unarmed Combat
  1639 | D:2      | Reached XP level 3. HP: 14/14 MP: 5/7
  1644 | D:2      | Learned a level 3 spell: Frozen Ramparts
  1669 | D:2      | Found Koteib's Weapon Boutique.
  2189 | D:2      | Noticed Terence
  2323 | D:1      | Identified a scroll of acquirement
  2323 | D:1      | Acquired 729 gold pieces
  3582 | D:3      | Reached XP level 4. HP: 18/18 MP: 6/8
  3676 | D:3      | Noticed Robin
  3699 | D:3      | Learned a level 3 spell: Ozocubu's Armour
  3704 | D:3      | Killed Robin
  4209 | D:3      | Found a shimmering blue altar of Sif Muna.
  4256 | D:4      | Reached XP level 5. HP: 21/21 MP: 10/10
  4296 | D:4      | Noticed Blork the orc
  4303 | D:4      | HP: 1/21 [Blork the orc (9)]
  4307 | D:4      | Killed Blork the orc
  4608 | D:4      | Noticed Pikel
  4608 | D:4      | Noticed a lemure
  4846 | D:4      | Noticed a steam dragon
  4854 | D:4      | Killed a steam dragon
  4855 | D:4      | Reached skill level 5 in Stealth
  4855 | D:4      | Gained mutation: You are covered in thick fur. (AC +2)
                  | [Felid growth]
  4855 | D:4      | Reached XP level 6. HP: 22/24 MP: 6/11
  4906 | D:4      | Reached skill level 5 in Dodging
  5134 | D:4      | Found a runed translucent door.
  5135 | D:4      | Noticed Crazy Yiuf
  5251 | D:4      | Identified the +0 robe "Imusm" {rC+}
  5400 | D:3      | Learned a level 4 spell: Hailstorm
  5431 | D:5      | Entered Level 5 of the Dungeon
  5888 | D:5      | Reached XP level 7. HP: 27/27 MP: 13/13
  5985 | D:5      | Reached skill level 1 in Conjurations
  5985 | D:5      | Reached skill level 5 in Ice Magic
  6003 | D:5      | Found the +2 shield of Resistance {rF++ rC++ Will++}
  6671 | D:6      | Found a staircase to the Ecumenical Temple.
  7063 | D:6      | Found a burning altar of Makhleb.
  7076 | D:6      | Noticed Eustachio
  7085 | D:6      | Killed Eustachio
  7086 | D:6      | Reached XP level 8. HP: 30/31 MP: 4/15
  7465 | Temple   | Entered the Ecumenical Temple
  8047 | D:7      | Found a sacrificial altar of Ru.
  8084 | D:7      | Became a worshipper of Ru the Awakened
  8120 | D:7      | Reached skill level 1 in Fighting
  8483 | D:7      | Identified the +1 leather armour "Uttirchue" {Rampage}
  8562 | D:8      | Found Jemalo's General Store.
  8728 | D:8      | Found an ornate altar of the Wu Jian Council.
  8778 | D:8      | Found an opulent altar of Gozag.
  9260 | D:8      | Found a snail-covered altar of Cheibriados.
  9268 | D:8      | Found a shimmering altar of Xom.
  9610 | D:8      | Found a shadowy altar of Dithmenos.
  9613 | D:8      | Found a glowing golden altar of the Shining One.
 10271 | D:8      | Bought a potion of curing for 30 gold pieces
 10529 | D:9      | Gained mutation: You are somewhat inexperienced. (-2 XL)
                  | [Ru sacrifice]
 10529 | D:9      | Reached XP level 7. HP: 30/30 MP: 9/14
 10529 | D:9      | Reached XP level 6. HP: 26/26 MP: 9/13
 10529 | D:9      | Reached * piety under Ru
 10530 | D:9      | Reached XP level 7. HP: 30/30 MP: 9/14
 10535 | D:9      | Reached skill level 5 in Conjurations
 10852 | D:9      | Paralysed by a hornet for 1 turns
 11024 | D:9      | Noticed Prince Ribbit
 11908 | D:9      | Killed Prince Ribbit
 11909 | D:9      | Reached skill level 5 in Spellcasting
 12035 | D:9      | Found a blossoming altar of Fedhas.
 12683 | D:10     | Entered Level 10 of the Dungeon
 12908 | D:10     | Noticed a kobold demonologist
 12916 | D:10     | Killed a kobold demonologist
 13049 | D:10     | Noticed a two-headed ogre
 13064 | D:10     | Killed a two-headed ogre
 13065 | D:10     | Reached XP level 8. HP: 33/33 MP: 12/18
 13605 | D:10     | Reached skill level 5 in Unarmed Combat
 13887 | D:3      | Got Sif Muna's Guide on Transformation
 13891 | D:3      | Got Sif Muna's Tome of Darkness
 13978 | D:2      | Killed Terence
 14135 | D:4      | Killed Crazy Yiuf
 14240 | D:4      | Killed Pikel
 14584 | D:11     | Noticed a two-headed ogre
 14758 | D:11     | Noticed a two-headed ogre
 14759 | D:11     | Noticed a two-headed ogre
 14777 | D:11     | Killed a two-headed ogre
 14778 | D:11     | Reached XP level 9. HP: 39/39 MP: 10/19
 14893 | D:11     | Killed a two-headed ogre
 15011 | D:11     | Killed a two-headed ogre
 15074 | D:11     | Found a staircase to the Lair.
 15203 | D:11     | Noticed a two-headed ogre
 15212 | D:11     | Killed a two-headed ogre
 15318 | D:11     | Found a staircase to the Orcish Mines.
 15345 | D:11     | Noticed a purple ugly thing
 15350 | D:11     | Killed a purple ugly thing
 15445 | D:11     | Gained mutation: You are hated by all. [Ru sacrifice]
 15445 | D:11     | Reached ** piety under Ru
 15445 | D:11     | Reached *** piety under Ru
 15552 | D:11     | Noticed a boulder beetle
 15578 | D:11     | Noticed Erolcha
 15878 | D:11     | Slain by a troll
 15879 | D:11     | Reached XP level 8. HP: 0/33 MP: 18/28
 15898 | D:11     | Annihilated by a boulder beetle
 15899 | D:11     | Reached XP level 7. HP: -25/32 MP: 17/27
 15899 | D:11     | Quit the game

Illustrated notes

Levels and vault maps discovered:
D:1:      scummos_arrival_forest, layout_basic,
          shapermc_ecumenical_altar_mp_vishouse
D:2:      minmay_roachtagon, layout_loops_ring, serial_shops, shop, uniq_terence
D:3:      layout_rooms, nicolae_sif_muna_little_library, minmay_misc_feat_cross,
          st_stairs_7, minmay_misc_feat_iff, uniq_robin
D:4:      layout_rooms, roderic_nine_men_s_morris, uniq_pikel,
          uniq_blork_the_orc, uniq_crazy_yiuf_cottage
D:5:      layout_basic, hangedman_decor_push
D:6:      layout_loops_ring, bloody_makhleb, minmay_temple_entry_waves,
          uniq_eustachio
D:7:      layout_rooms, kennysheep_little_box
D:8:      layout_basic, minitemple, mainiacjoe_overflow_catch_the_wave,
          serial_shops, nicolae_inconvenience_store
D:9:      layout_rooms, fedhas_altar_1, uniq_prince_ribbit1
D:10:     minmay_the_grid_square_5x5_4x4 [minmay_the_grid_square_5x5_c,
          minmay_the_grid_square_5x5_six, minmay_the_grid_square_5x5_bracketed,
          minmay_the_grid_square_5x5_percent,
          minmay_the_grid_square_5x5_doubleslash,
          minmay_the_grid_square_5x5_prize_pseudospiral,
          minmay_the_grid_square_5x5_prize_snowflake,
          minmay_the_grid_square_5x5_lines, minmay_the_grid_square_5x5_inset,
          minmay_the_grid_square_5x5_prize_open,
          minmay_the_grid_square_5x5_prize_rear_guard,
          minmay_the_grid_square_5x5_tetrominoes,
          minmay_the_grid_square_5x5_intrusive_squares,
          minmay_the_grid_square_5x5_seven,
          minmay_the_grid_square_5x5_checkered_statues,
          minmay_the_grid_square_5x5_slash], layout_loops_cross
D:11:     layout_cave_pools, lair_entry_dummy, david_orc_1_choice,
          roderic_lattice_a, lightli_corner_chamber, uniq_erolcha
Temple:   hc_temple_tempest_star

Skill      XL: |  1  2  3  4  5  6  7  8  9 |
---------------+----------------------------+-----
Stealth        | 3 4 5 8 |  8.0
Dodging        | 3 4 5 6 |  6.0
Unarmed Combat | 1 2 6 |  6.0
Ice Magic      | 4 8 9 |  9.0
Spellcasting   | 3 6 7 |  7.3
Conjurations   | 7 9 |  9.0
Fighting       | 4 |  4.0

Action                   |  1- 3 |  4- 6 |  7- 9 || total
-------------------------+-------+-------+-------++-------
Melee: Unarmed           |    28 |    45 |   220 ||   293
       Bite              |     2 |     5 |    34 ||    41
       Punch             |       |       |     5 ||     5
 Cast: Freeze            |    50 |    15 |    35 ||   100
       Frozen Ramparts   |     2 |     8 |    39 ||    49
       Ozocubu's Armour  |       |     4 |    36 ||    40
       Hailstorm         |       |       |    58 ||    58
Invok: Sacrifice Experie |       |     1 |       ||     1
       Draw Out Power    |       |       |     1 ||     1
       Sacrifice Love    |       |       |     1 ||     1
Evoke: Wand              |       |       |    13 ||    13
  Use: Scroll            |     5 |     4 |    12 ||    21
       Potion            |       |     1 |     3 ||     4
 Stab: Sleeping          |     7 |     7 |    18 ||    32
       Distracted        |     1 |       |       ||     1
Armor: Skin              |     1 |    14 |    92 ||   107
Dodge: Dodged            |    51 |    77 |   281 ||   409
Block: Other             |       |       |    57 ||    57
       Reflection        |       |       |     1 ||     1

Table legend: (Time is in decaauts)
 A = Elapsed time spent in this place.
 B = Non-inter-level travel time spent in this place.
 C = Inter-level travel time spent in this place.
 D = Time resting spent in this place.
 E = Time spent auto-exploring this place.
 F = Levels seen in this place.
 G = Mean time per level.
                   A        B        C        D        E       F      G
               +--------+--------+--------+--------+--------+-----+--------+
         Total |  14207 |  13153 |   1054 |   3156 |   8336 |  12 | 1183.9 |
       Dungeon |  13867 |  12832 |   1035 |   3156 |   8027 |  11 | 1260.6 |
        Temple |    339 |    320 |     19 |      0 |    309 |   1 |  339.0 |
               +--------+--------+--------+--------+--------+-----+--------+

Top non-repeatable levels by time:
     D:8: 2249 daAuts
     D:3: 1751 daAuts
     D:9: 1637 daAuts
     D:1: 1586 daAuts
     D:4: 1254 daAuts
    D:11: 1151 daAuts
    D:10: 1062 daAuts
     D:5: 993 daAuts
     D:6: 822 daAuts
     D:2: 813 daAuts
     D:7: 545 daAuts
  Temple: 339 daAuts
